 Dungeon Crawl Stone Soup version 0.25-a0-294-gea9b1ad378 (webtiles) character file.

Game seed: 6218623454701512159, levelgen mode: deterministic

170 Mirvelgyr the Chopper (level 5, -5/67 HPs)
             Began as a Minotaur Berserker on Dec 18, 2019.
             Was a Believer of Trog.
             Slain by a hornet (15 damage)
             ... on level 3 of the Dungeon.
             The game lasted 00:03:37 (1508 turns).

Mirvelgyr the Chopper (Minotaur Berserker)          Turns: 1508, Time: 00:03:37

Health: -5/67      AC:  8    Str: 31    XL:     5   Next: 26%
Magic:  4/4        EV:  9    Int:  8    God:    Trog [**....]
Gold:   178        SH:  0    Dex: 10    Spells: 4/4 levels left

rFire    . . .     SeeInvis .   o - +2 hand axe (chop)
rCold    . . .     Gourm    .   (no shield)
rNeg     . . .     Faith    .   m - +0 chain mail
rPois    .         Spirit   .   (helmet restricted)
rElec    .         Reflect  .   (no cloak)
rCorr    .         Harm     +   (no gloves)
MR       .....                  (no boots)
Stlth    ..........             k - amulet of harm
HPRegen  0.21/turn              n - +4 ring of strength
MPRegen  0.09/turn              p - +4 ring of intelligence

@: berserking, lethally poisoned (-5 -> -18), slowed
A: retaliatory headbutt, horns 2
a: Berserk, Trog's Hand, Renounce Religion


You were on level 3 of the Dungeon.
You worshipped Trog.
Trog was pleased with you.
You were hungry.

You visited 1 branch of the dungeon, and saw 3 of its levels.

You collected 178 gold pieces.

Inventory:

Hand Weapons
 o - a +2 hand axe of chopping (weapon)
Armour
 m - a +0 chain mail (worn)
Jewellery
 k - an amulet of harm (around neck)
 n - a +4 ring of strength (left hand)
 p - a +4 ring of intelligence (right hand)
Scrolls
 b - a scroll of enchant armour {unknown}
 e - 2 scrolls of identify {unknown}
 g - a scroll of fear {unknown}
 j - a scroll of blinking {unknown}
 q - 4 scrolls of teleportation {unknown}
 r - a scroll of remove curse {unknown}
 s - a scroll of amnesia {unknown}
Potions
 d - a potion of brilliance {unknown}
 f - a potion of curing {unknown}
 h - 2 potions of might {unknown}
 i - 3 potions of flight {unknown}
 l - 2 potions of mutation {unknown}
 t - a potion of degeneration {unknown}
Comestibles
 a - 3 chunks of flesh
 c - 5 rations


   Skills:
 - Level 3.6 Fighting
 + Level 7.3 Axes
 - Level 2.4 Armour
 - Level 2.1 Dodging


You had 4 spell levels left.
You didn't know any spells.
Your spell library was empty.

Dungeon Overview and Level Annotations

Branches:
Dungeon (3/15)

Altars:
Trog
Wu Jian
Yredelemnul
Zin


Innate Abilities, Weirdness & Mutations

You reflexively headbutt those who attack you in melee.
You have a pair of horns on your head.


Message History

You closely miss the hornet. Your headbutt misses the hornet.
You feel sick. The hornet stings you!
You feel as though you will be slow longer.
The hornet closely misses you.
You slash the hornet!
The hornet is heavily wounded.
The hornet stings you.
You feel as though you will be slow longer.
You completely miss the hornet. Your headbutt misses the hornet.
The hornet is heavily wounded.
You feel sick.
The hornet stings you but does no damage.
You barely miss the hornet.
The hornet is heavily wounded.
The hornet stings you!
* * * LOW HITPOINT WARNING * * *
You are lethally poisoned!
You feel as though you will be slow longer.
The hornet stings you!
You die...

# ## ..# #####.#
#[[$#.## #...#..##
#@/.#...##########
#y###.##...........
#r#...#.#...########
#.##...##.##..######
#.#...#...#.#.....>.#
#.##..###..##.##.###.#
#?#...# ##...#.#.# ##
... ##..###.# .. ##.
..#


You could see a hornet and a quokka.

Vanquished Creatures
  An orc priest (D:2)
  Jessica (D:2)
  5 adders
  An ooze (D:2)
  2 dart slugs
  2 leopard geckos (D:2)
  2 orcs (D:2)
  9 bats
  3 giant cockroaches
  7 goblins
  7 hobgoblins
  9 kobolds
  A frilled lizard (D:2)
  11 rats
61 creatures vanquished.

Notes
Turn   | Place    | Note
-------+----------+-------------------------------------------
     0 | D:1      | Mirvelgyr the Minotaur Berserker began the quest for the
                  | Orb.
     0 | D:1      | Reached XP level 1. HP: 19/19 MP: 0/0
    46 | D:1      | Reached skill level 4 in Axes
   136 | D:1      | Reached XP level 2. HP: 22/26 MP: 1/1
   468 | D:1      | Reached skill level 5 in Axes
   614 | D:2      | Reached XP level 3. HP: 24/31 MP: 2/2
   628 | D:2      | Reached ** piety under Trog
   787 | D:2      | Reached skill level 6 in Axes
   787 | D:2      | Reached XP level 4. HP: 39/39 MP: 3/3
   893 | D:2      | Found a glowing silver altar of Zin.
   992 | D:2      | Noticed Jessica
  1004 | D:2      | Killed Jessica
  1028 | D:2      | Reached skill level 7 in Axes
  1028 | D:2      | Reached XP level 5. HP: 41/45 MP: 4/4
  1414 | D:3      | Found an ornate altar of the Wu Jian Council.
  1416 | D:3      | Found a basalt altar of Yredelemnul.
  1417 | D:3      | Found a bloodstained altar of Trog.
  1497 | D:3      | Noticed a hornet
  1502 | D:3      | Paralysed by a hornet for 2 turns
  1508 | D:3      | Slain by a hornet

Levels and vault maps discovered:
D:1:      wander_arrival_chamber, layout_rooms, st_stairs_10,
          minmay_misc_feat_tiny, nrook_loot_triangle, grunt_decor_mini_mirrors
D:2:      layout_loops_ring, zin_scriptorium, uniq_jessica
D:3:      layout_loops_ring, grunt_temple_overflow_magic_moments,
          grunt_temple_overflow_open, first_ration, minmay_vboxes

Skill      XL: |  1  2  3  4 |
---------------+-------------+-----
Axes           | 4 5 6 7 |  7.3
Fighting       | |  3.6
Armour         | |  2.4
Dodging        | |  2.1

Action                   |  1- 3 |  4- 6 || total
-------------------------+-------+-------++-------
Melee: Hand axe          |    65 |    51 ||   116
       Headbutt          |    11 |     8 ||    19
Invok: Berserk           |       |     1 ||     1
  Eat: Chunk             |       |     2 ||     2
Armor: Animal skin       |     9 |       ||     9
       Chain mail        |    18 |    18 ||    36
Dodge: Dodged            |    34 |    16 ||    50

Table legend:
 A = Non-vault XP
 B = Vault XP
 C = Vault XP percentage of total XP
 D = Non-vault monster count
 E = Vault monster count
 F = Vault count percentage of total count
                 A         B        C        D         E       F
            +---------+---------+-------+---------+---------+-------
      Total |     198 |      46 |  18.9 |      56 |       5 |   8.2
            +---------+---------+-------+---------+---------+-------
        D:1 |      29 |       8 |  21.6 |      17 |       3 |  15.0
        D:2 |     133 |      37 |  21.8 |      31 |       1 |   3.1
        D:3 |      36 |       1 |   2.7 |       8 |       1 |  11.1
            +---------+---------+-------+---------+---------+-------
